General information
			
			
        
        - name: BNet
 
        - type: Ladder team game (AT/RT)
 
        - host: Battle.net
 
        - saver: TIMG4STRok
 
        
map: Friends 
        - players: 8
 
        - length: 29:56
 
        - speed: Fast
 - version: 1.22 W3XP
 - replay type:  

 
» download(273 KB)
Players
        team 1 (loser) 
              
              
PinkFloydMeddle (
pink | 89 APM | 2644 actions | 29:51)
              
 5 Blademaster 
 3 Wind Walk
 2 Critical Strike
 
                » actions 
                
                | Assign group hotkey | 14 |  | 
| Basic commands | 28 |  | 
| Build / train | 55 |  | 
| ESC pressed | 1 |  | 
| Enter build submenu | 22 |  | 
| Enter hero's abilities submenu | 5 |  | 
| Right click | 1550 |  | 
| Select / deselect | 289 |  | 
| Select group hotkey | 511 |  | 
| Use ability | 169 |  | 
                2644 total
 » units 
                » upgrades
                » buildings
                
                | War Mill | 1 |  | 
| Orc Burrow | 6 |  | 
| Altar of Storms | 1 |  | 
| Voodoo Lounge | 2 |  | 
| Watch Tower | 7 |  | 
| Stronghold | 2 |  | 
| Beastiary | 4 |  | 
| Fortress | 1 |  | 
                24 total
 » build order
                00:21 War Mill
00:31 Orc Burrow
00:36 Altar of Storms
01:27 Voodoo Lounge
01:49 Watch Tower
02:24 Watch Tower
02:39 Watch Tower
03:04 Watch Tower
03:45 Stronghold
03:45 Stronghold
03:50 Watch Tower
04:21 Watch Tower
05:05 Watch Tower
05:08 Orc Burrow
06:13 Beastiary
06:16 Beastiary
06:20 Fortress
06:26 Beastiary
06:29 Beastiary
07:00 Orc Burrow
12:55 Orc Burrow
13:28 Orc Burrow
13:44 Orc Burrow
16:33 Voodoo Lounge
» items
                
                | Lesser Clarity Potion | 9 |  | 
| Healing Salve | 6 |  | 
| Scroll of Speed | 5 |  | 
| Scroll of Town Portal | 2 |  | 
                22 total
  
               
              
              
The_Dark_Flame (
blue | 64 APM | 1901 actions | 29:54)
              
 4 Pandaren Brewmaster 
 2 Breath of Fire
 2 Drunken Haze
 
                » actions 
                
                | Assign group hotkey | 44 |  | 
| Basic commands | 28 |  | 
| Build / train | 39 |  | 
| Enter build submenu | 19 |  | 
| Enter hero's abilities submenu | 4 |  | 
| Right click | 905 |  | 
| Select / deselect | 446 |  | 
| Select group hotkey | 360 |  | 
| Use ability | 55 |  | 
                1901 total
 » units 
                
                | Wisp | 13 |  | 
| Huntress | 5 |  | 
| Chimaera | 3 |  | 
| Hippogryph | 4 |  | 
                25 total
 » upgrades
                
                | Strength of the Wild | 2 |  | 
| Corrosive Breath | 1 |  | 
                3 total
 » buildings
                
                | Moon Well | 6 |  | 
| Altar of Elders | 1 |  | 
| Ancient of War | 2 |  | 
| Hunter's Hall | 1 |  | 
| Tree of Ages | 1 |  | 
| Ancient of Wonders | 1 |  | 
| Ancient of Wind | 1 |  | 
| Tree of Eternity | 1 |  | 
| Chimaera Roost | 2 |  | 
                16 total
 » build order
                00:23 Moon Well
01:08 Altar of Elders
02:10 Ancient of War
02:13 Hunter's Hall
02:27 Ancient of War
02:42 Moon Well
03:46 Tree of Ages
04:28 Moon Well
05:32 Ancient of Wonders
06:47 Ancient of Wind
06:48 Tree of Eternity
09:12 Chimaera Roost
10:00 Chimaera Roost
10:04 Moon Well
11:32 Moon Well
14:25 Moon Well
» items
                
                | Scroll of Regeneration | 1 |  | 
| Lesser Clarity Potion | 2 |  | 
| Potion of Healing | 1 |  | 
                4 total
  
               
              
              
ToG.BlacKOuT (
yellow | 78 APM | 2328 actions | 29:50)
              
 4 Death Knight 
 2 Death Coil
 2 Unholy Aura
 3 Lich 
 2 Frost Nova
 1 Frost Armor
 
                » actions 
                
                | Assign group hotkey | 7 |  | 
| Basic commands | 274 |  | 
| Build / train | 76 |  | 
| ESC pressed | 4 |  | 
| Enter build submenu | 22 |  | 
| Enter hero's abilities submenu | 7 |  | 
| Give item / drop item | 1 |  | 
| Right click | 1293 |  | 
| Select / deselect | 456 |  | 
| Select group hotkey | 69 |  | 
| Use ability | 119 |  | 
                2328 total
 » units 
                
                | Acolyte | 12 |  | 
| Ghoul | 2 |  | 
| Crypt Fiend | 16 |  | 
| Frost Wyrm | 11 |  | 
                41 total
 » upgrades
                
                | Burrow | 1 |  | 
| Web | 1 |  | 
| Freezing Breath | 1 |  | 
                3 total
 » buildings
                
                | Graveyard | 1 |  | 
| Crypt | 1 |  | 
| Ziggurat | 7 |  | 
| Altar of Darkness | 1 |  | 
| Tomb of Relics | 1 |  | 
| Nerubian Tower | 3 |  | 
| Halls of the Dead | 3 |  | 
| Sacrificial Pit | 1 |  | 
| Black Citadel | 1 |  | 
| Boneyard | 2 |  | 
| Spirit Tower | 2 |  | 
                23 total
 » build order
                00:09 Graveyard
00:14 Crypt
00:34 Ziggurat
00:40 Altar of Darkness
01:19 Ziggurat
01:25 Tomb of Relics
01:59 Nerubian Tower
01:59 Nerubian Tower
04:18 Halls of the Dead
04:19 Halls of the Dead
04:19 Halls of the Dead
04:50 Ziggurat
05:52 Ziggurat
07:01 Sacrificial Pit
07:17 Black Citadel
09:53 Boneyard
10:02 Boneyard
10:11 Spirit Tower
10:13 Ziggurat
10:29 Spirit Tower
13:57 Ziggurat
14:08 Ziggurat
» items
                
                | Rod of Necromancy | 1 |  | 
| Dust of Appearance | 1 |  | 
| Potion of Healing | 7 |  | 
| Scroll of Town Portal | 3 |  | 
                12 total
  
               
              
              
triumvir (
teal | 40 APM | 1202 actions | 29:47)
              
 4 Blood Mage 
 2 Flame Strike
 2 Siphon Mana
 
                » actions 
                
                | Assign group hotkey | 21 |  | 
| Basic commands | 30 |  | 
| Build / train | 68 |  | 
| Enter build submenu | 26 |  | 
| Enter hero's abilities submenu | 4 |  | 
| Remove unit from queue | 2 |  | 
| Right click | 408 |  | 
| Select / deselect | 374 |  | 
| Select group hotkey | 143 |  | 
| Use ability | 126 |  | 
                1202 total
 » units 
                
                | Peasant | 15 |  | 
| Mortar Team | 8 |  | 
| Flying Machine | 8 |  | 
| Dragonhawk Rider | 1 |  | 
                32 total
 » upgrades
                
                | Masonry | 3 |  | 
| Fragmentation Shards | 1 |  | 
| Flare | 1 |  | 
| Gunpowder | 2 |  | 
| Flak Cannons | 1 |  | 
| Barrage | 1 |  | 
                9 total
 » buildings
                
                | Altar of Kings | 1 |  | 
| Farm | 8 |  | 
| Arcane Vault | 1 |  | 
| Lumber Mill | 1 |  | 
| Scout Tower | 10 |  | 
| Arcane Tower | 1 |  | 
| Guard Tower | 7 |  | 
| Keep | 1 |  | 
| Blacksmith | 1 |  | 
| Castle | 1 |  | 
| Workshop | 3 |  | 
| Gryphon Aviary | 1 |  | 
| Town Hall | 1 |  | 
                37 total
 » build order
                00:11 Altar of Kings
00:22 Farm
00:24 Arcane Vault
00:52 Lumber Mill
01:15 Farm
01:17 Farm
01:33 Scout Tower
02:04 Arcane Tower
02:19 Scout Tower
02:21 Scout Tower
02:45 Scout Tower
02:47 Farm
02:50 Guard Tower
02:53 Scout Tower
02:53 Scout Tower
03:13 Guard Tower
03:16 Guard Tower
04:15 Keep
04:43 Scout Tower
04:43 Scout Tower
04:54 Blacksmith
05:06 Farm
05:08 Farm
05:23 Guard Tower
05:24 Scout Tower
05:29 Scout Tower
05:31 Guard Tower
06:27 Guard Tower
06:46 Castle
06:47 Workshop
06:50 Workshop
06:53 Workshop
08:26 Farm
08:29 Guard Tower
12:20 Farm
13:37 Gryphon Aviary
18:05 Town Hall
» items
                
                | Lesser Clarity Potion | 5 |  | 
| Rod of Necromancy | 1 |  | 
| Healing Salve | 2 |  | 
| Scroll of Town Portal | 1 |  | 
| Potion of Healing | 1 |  | 
                10 total
  
               team 2 (winner) 
              
              
298739283939208 (
purple | 76 APM | 2261 actions | 29:55)
              
 3 Demon Hunter 
 2 Mana Burn
 1 Evasion
 
                » actions 
                
                | Assign group hotkey | 10 |  | 
| Build / train | 22 |  | 
| ESC pressed | 2 |  | 
| Enter build submenu | 2 |  | 
| Enter hero's abilities submenu | 3 |  | 
| Remove unit from queue | 3 |  | 
| Right click | 869 |  | 
| Select / deselect | 495 |  | 
| Select group hotkey | 808 |  | 
| Use ability | 45 |  | 
                2261 total
 » units 
                » buildings
                
                | Altar of Elders | 1 |  | 
| Moon Well | 1 |  | 
                2 total
 » build order
                00:09 Altar of Elders
00:20 Moon Well
» items
                
                | Healing Salve | 1 |  | 
| Lesser Clarity Potion | 2 |  | 
| Scroll of Speed | 1 |  | 
                4 total
  
               
              
              
EurovisionisGG (
green | 44 APM | 1320 actions | 29:55)
              
 3 Blademaster 
 2 Wind Walk
 1 Critical Strike
 
                » actions 
                
                | Assign group hotkey | 55 |  | 
| Basic commands | 16 |  | 
| Build / train | 35 |  | 
| ESC pressed | 2 |  | 
| Enter build submenu | 11 |  | 
| Enter hero's abilities submenu | 3 |  | 
| Give item / drop item | 2 |  | 
| Remove unit from queue | 3 |  | 
| Right click | 683 |  | 
| Select / deselect | 231 |  | 
| Select group hotkey | 221 |  | 
| Use ability | 58 |  | 
                1320 total
 » units 
                » buildings
                
                | Altar of Storms | 1 |  | 
| Orc Burrow | 2 |  | 
| Voodoo Lounge | 1 |  | 
| War Mill | 1 |  | 
| Watch Tower | 5 |  | 
                10 total
 » build order
                00:06 Altar of Storms
00:13 Orc Burrow
00:22 Voodoo Lounge
02:31 War Mill
05:32 Watch Tower
05:44 Watch Tower
10:04 Orc Burrow
10:09 Watch Tower
10:11 Watch Tower
10:13 Watch Tower
» items
                
                | Healing Salve | 3 |  | 
| Lesser Clarity Potion | 3 |  | 
                6 total
  
               
              
              
GoDiePlz (
red | 87 APM | 2591 actions | 29:55)
              
 6 Death Knight 
 3 Death Coil
 3 Unholy Aura
 5 Lich 
 3 Frost Nova
 2 Dark Ritual
 5 Dreadlord 
 3 Sleep
 2 Carrion Swarm
 
                » actions 
                
                | Assign group hotkey | 22 |  | 
| Basic commands | 284 |  | 
| Build / train | 69 |  | 
| Enter build submenu | 19 |  | 
| Enter hero's abilities submenu | 17 |  | 
| Right click | 1099 |  | 
| Select / deselect | 420 |  | 
| Select group hotkey | 547 |  | 
| Use ability | 114 |  | 
                2591 total
 » units 
                
                | Acolyte | 11 |  | 
| Ghoul | 2 |  | 
| Crypt Fiend | 4 |  | 
| Frost Wyrm | 7 |  | 
                24 total
 » upgrades
                
                | Web | 1 |  | 
| Creature Attack | 2 |  | 
| Creature Carapace | 2 |  | 
| Freezing Breath | 1 |  | 
                6 total
 » buildings
                
                | Crypt | 1 |  | 
| Graveyard | 1 |  | 
| Altar of Darkness | 1 |  | 
| Ziggurat | 8 |  | 
| Tomb of Relics | 1 |  | 
| Halls of the Dead | 4 |  | 
| Black Citadel | 2 |  | 
| Sacrificial Pit | 1 |  | 
| Spirit Tower | 2 |  | 
| Boneyard | 3 |  | 
| Necropolis | 1 |  | 
| Nerubian Tower | 1 |  | 
                26 total
 » build order
                00:07 Crypt
00:20 Graveyard
00:31 Altar of Darkness
00:48 Ziggurat
01:13 Tomb of Relics
01:46 Ziggurat
02:03 Halls of the Dead
02:03 Halls of the Dead
02:56 Ziggurat
03:42 Ziggurat
04:27 Black Citadel
04:27 Black Citadel
04:43 Sacrificial Pit
04:45 Ziggurat
04:46 Spirit Tower
06:03 Ziggurat
06:48 Boneyard
06:55 Boneyard
06:56 Boneyard
08:28 Ziggurat
12:46 Necropolis
12:50 Ziggurat
22:00 Nerubian Tower
25:52 Spirit Tower
» items
                
                | Rod of Necromancy | 3 |  | 
| Dust of Appearance | 2 |  | 
| Scroll of Town Portal | 4 |  | 
| Potion of Mana | 1 |  | 
| Orb of Corruption | 1 |  | 
                11 total
  
               
              
              
TIMG4STRok (
orange | 181 APM | 5413 actions | 29:56)
              
 5 Tauren Chieftain 
 2 Shockwave
 3 Endurance Aura
 5 Shadow Hunter 
 2 Hex
 3 Healing Wave
 
                » actions 
                
                | Assign group hotkey | 24 |  | 
| Basic commands | 211 |  | 
| Build / train | 47 |  | 
| Enter build submenu | 18 |  | 
| Enter hero's abilities submenu | 10 |  | 
| Right click | 1998 |  | 
| Select / deselect | 494 |  | 
| Select group hotkey | 2514 |  | 
| Use ability | 97 |  | 
                5413 total
 » units 
                
                | Peon | 7 |  | 
| Grunt | 4 |  | 
| Shaman | 2 |  | 
| Troll Witch Doctor | 2 |  | 
| Tauren | 6 |  | 
| Troll Batrider | 1 |  | 
                22 total
 » upgrades
                
                | Shaman Training | 2 |  | 
| Witch Doctor Training | 2 |  | 
| Pulverize | 1 |  | 
| Reinforced Defenses | 1 |  | 
                6 total
 » buildings
                
                | Altar of Storms | 1 |  | 
| Orc Burrow | 8 |  | 
| Barracks | 1 |  | 
| War Mill | 1 |  | 
| Stronghold | 1 |  | 
| Fortress | 1 |  | 
| Spirit Lodge | 2 |  | 
| Beastiary | 1 |  | 
| Tauren Totem | 2 |  | 
| Voodoo Lounge | 1 |  | 
                19 total
 » build order
                00:08 Altar of Storms
00:17 Orc Burrow
00:46 Barracks
01:36 Orc Burrow
01:44 War Mill
02:01 Stronghold
03:22 Orc Burrow
04:25 Fortress
04:31 Spirit Lodge
04:33 Spirit Lodge
04:42 Beastiary
06:48 Orc Burrow
06:48 Orc Burrow
06:51 Tauren Totem
06:52 Tauren Totem
07:18 Voodoo Lounge
07:46 Orc Burrow
08:16 Orc Burrow
10:44 Orc Burrow
» items
                
                | Lesser Clarity Potion | 2 |  | 
| Healing Salve | 1 |  | 
                3 total
  
                Chat log
          
(28:26 / All) GoDiePlz: good manner us triumvie
(28:31 / All) GoDiePlz: eurovision is the name
(28:32 / All) GoDiePlz: of the game
(28:41 / All) 298739283939208: hey its talonsareimba